 Dungeon Crawl Stone Soup version 0.31.0-9-g3a7656b989 (console) character file.

Game seed: 9148491866643023873

619 AlterAsc the Cleaver (level 7, 0/52 HPs)
             Began as a Formicid Fighter on Jan 27, 2024.
             Was an Initiate of Okawaru.
             Slain by a black bear (1 damage)
             ... on level 5 of the Dungeon.
             The game lasted 00:09:33 (4200 turns).

AlterAsc the Cleaver (Formicid Fighter)             Turns: 4200, Time: 00:09:34

Health: 0/52       AC:  9    Str: 23    XL:     7   Next: 74%
Magic:  7/7        EV:  8    Int:  7    God:    Okawaru [......]
Gold:   172        SH:  5    Dex: 13    Spells: 6/6 levels left

rFire   . . .        a - +0 war axe
rCold   . . .        c - +0 buckler
rNeg    . . .        t - +0 chain mail
rPois   .            (helmet unavailable)
rElec   .            (no cloak)
rCorr   .            (no gloves)
SInv    +            (no boots)
Will    .....        (no amulet) Stlth
                     (no ring)
HPRegen 0.28/turn    (no ring)
MPRegen 0.10/turn

%: no passive effects
@: no status effects
A: permanent stasis, dig shafts and tunnels, antennae 3, four strong arms
a: Dig, Shaft Self, Renounce Religion


You were on level 5 of the Dungeon.
You worshipped Okawaru.
Okawaru was noncommittal.
You visited 2 branches of the dungeon, and saw 6 of its levels.

You collected 200 gold pieces.
You spent 28 gold pieces at shops.

Inventory:

Hand Weapons
 a - a +0 war axe (weapon)
Missiles
 j - 4 atropa-tipped darts
 k - 2 javelins
 p - 5 poisoned darts (quivered)
 s - 3 boomerangs
Armour
 c - a +0 buckler (worn)
 t - a +0 chain mail (worn)
Scrolls
 g - a scroll of teleportation {unknown}
 h - a scroll of revelation {unknown}
 i - 2 scrolls of immolation {unknown}
Potions
 b - a potion of lignification {unknown}
 d - 2 potions of might
 e - 2 potions of heal wounds
 f - 2 potions of mutation {unknown}
 l - a potion of brilliance {unknown}
 m - 3 potions of curing
 n - a potion of invisibility {unknown}
 q - a potion of enlightenment {unknown}
 r - a potion of degeneration {unknown}


   Skills:
 - Level 3.2 Fighting
 + Level 8.1 Axes
 - Level 3.2 Armour
 - Level 4.0 Shields


You had 6 spell levels left.
You didn't know any spells.
Your spell library contained the following spells:

 Spells                   Type           Power      Damage    Failure   Level
 Magic Dart               Conj           0%         1d3       98%         1
 Frozen Ramparts          Ice            0%         1d1       100%        3
 Leda's Liquefaction      Alch/Erth      0%         N/A       100%        4
 Petrify                  Alch/Erth      0%         N/A       100%        4
 Metabolic Englaciation   Hex/Ice        0%         N/A       100%        5
 Blink                    Tloc           Unusable   N/A       N/A         2
 Call Imp                 Summ           Unusable   N/A       N/A         2

Dungeon Overview and Level Annotations

Branches:
Dungeon (5/15)             Temple (1/1) D:4

Altars:
Cheibriados
Dithmenos
Elyvilon
Fedhas
Gozag
Hepliaklqana
Kikubaaqudgha
Makhleb
Nemelex Xobeh
Okawaru
Ru
Trog
Vehumet
Xom
Yredelemnul
Zin

Shops:
D:3 =   D:4 *   D:5 ?


Innate Abilities, Weirdness & Mutations

You cannot be hasted, slowed, berserked, paralysed or teleported.
You can dig through walls and to a lower floor.
You have a pair of large antennae on your head. (SInv)
Your four strong arms can wield two-handed weapons with a shield.


Message History

The black bear barely misses you.
You hit the black bear but do no damage.
The black bear is severely wounded.
An orc comes into view. It is wielding a +0 club.
The black bear goes berserk!
You barely miss the black bear.
The black bear is severely wounded.
The orc shouts!
The black bear barely misses you.
The black bear claws you but does no damage.
The black bear claws you. The black bear bites you.
The black bear claws you but does no damage. x2
The orc priest shouts!
You hit the black bear.
The black bear is severely wounded.
The black bear bites you. The black bear barely misses you. x2
You hit the black bear but do no damage.
The black bear is severely wounded.
The black bear bites you but does no damage.
The black bear claws you but does no damage. x2
The black bear bites you but does no damage.
The black bear barely misses you.
The black bear claws you but does no damage.
You hit the black bear.
The black bear is severely wounded.
The black bear bites you.
You block the black bear's attack. x2; The black bear bites you.
The black bear claws you.
The black bear claws you but does no damage.
Are you sure you want to shaft yourself?
The black bear bites you!
* * * LOW HITPOINT WARNING * * *
You block the black bear's attack. The black bear barely misses you.
You begin to dig a shaft.
You continue digging a shaft.
The black bear bites you.
* * * LOW HITPOINT WARNING * * *
The black bear completely misses you.
The black bear claws you but does no damage.
The black bear bites you!
* * * LOW HITPOINT WARNING * * *
The black bear claws you.
You die... ..............)...##..P#. #........#.##....###.##. ##.......###....### #.### #....)..........#{ #.# ###....)..........# #.# ###.#..........∩....# P.P { ........>...........# { P_P ....................# PPP { #.................>.# PPP

##............[<....##
............@........##
#
..........oh###.......#
.
............o######..##
# .#.......o.o..# #..#
#............# #..#
#..........#.(.. #.##
...#.##.#..##.(.. ...
.###. ###.###o(.# ###
#. #..## ..{,.[.. .#..


You could see a black bear (berserk), an orc wizard (invisible) and 2 orcs.

Vanquished Creatures
  A centaur (D:4)
  2 bombardier beetles
  A hound (Temple)
  2 orc priests (D:5)
  2 iguanas
  5 orc wizards
  2 gnolls (D:4)
  7 adders
  A dart slug (D:3)
  12 orcs
  8 ball pythons
  4 bats
  11 endoplasms
  3 giant cockroaches (D:3)
  10 goblins
  11 hobgoblins
  6 jackals (D:3)
  5 quokkas
  2 frilled lizards (D:1)
  12 kobolds
  4 rats
111 creatures vanquished.

Notes
Turn   | Place    | Note
-------+----------+-------------------------------------------
     0 | D:1      | AlterAsc the Formicid Fighter began the quest for the Orb.
     0 | D:1      | Reached XP level 1. HP: 18/18 MP: 1/1
   127 | D:1      | Reached XP level 2. HP: 20/24 MP: 2/2
   290 | D:1      | Reached skill level 3 in Axes
   515 | D:1      | Reached XP level 3. HP: 29/29 MP: 3/3
  1057 | D:2      | Reached skill level 4 in Axes
  1057 | D:2      | Reached XP level 4. HP: 31/35 MP: 4/4
  1381 | D:3      | Found a white marble altar of Elyvilon.
  1540 | D:3      | Found Fekhoby's Jewellery Boutique.
  1775 | D:3      | Reached XP level 5. HP: 40/41 MP: 5/5
  2135 | D:3      | Reached skill level 5 in Axes
  2304 | D:4      | Found a staircase to the Ecumenical Temple.
  2350 | Temple   | Entered the Ecumenical Temple
  2360 | Temple   | Reached skill level 6 in Axes
  2360 | Temple   | Reached XP level 6. HP: 21/47 MP: 6/6
  2767 | D:4      | Found an opulent altar of Gozag.
  2767 | D:4      | Found Gozag's Platinum Reserve.
  3145 | D:4      | Found an iron altar of Okawaru.
  3191 | D:4      | Reached skill level 7 in Axes
  3191 | D:4      | Reached XP level 7. HP: 32/52 MP: 7/7
  3213 | D:4      | Became a worshipper of Warmaster Okawaru
  3366 | D:5      | Entered Level 5 of the Dungeon
  3366 | D:5      | Found Nyclif's Magic Scroll Boutique.
  3766 | D:5      | Found a blossoming altar of Fedhas.
  3780 | D:5      | Bought a scroll of identify for 28 gold pieces
  4059 | D:5      | Reached skill level 8 in Axes
  4200 | D:5      | HP: 1/52 [black bear (7)]
  4200 | D:5      | Slain by a black bear

Illustrated notes

Levels and vault maps discovered:
D:1:      roadster_arrival_rocket_small, layout_rooms, bh_walls_and_bars
D:2:      layout_loops_cross
D:3:      minmay_inner_zag, layout_basic, mainiacjoe_overflow_paths,
          serial_shops, shop, serial_park_tiny_2
D:4:      layout_basic, okawaru_altar_gauntlet_db,
          nicolae_gozag_zags_fifth_avenue, minmay_temple_entry_glass,
          corexii_shack
D:5:      layout_cave_pools, tso_altar, fedhas_altar_decomposition,
          gammafunk_temple_overflow_pools, serial_shops, shop,
          grunt_decor_junction
Temple:   hellmonk_temple_forest_ring

Skill      XL: |  1  2  3  4  5  6  7 |
---------------+----------------------+-----
Axes           | 3 4 6 7 8 |  8.1
Fighting       | |  3.2
Armour         | |  3.2
Shields        | |  4.0

Action                     |  1- 3 |  4- 6 |  7- 9 || total
---------------------------+-------+-------+-------++-------
  Melee: War axe           |    79 |   179 |    65 ||   323
  Throw: Dart              |       |       |    10 ||    10
Ability: Shaft Self        |       |       |     1 ||     1
    Use: Scroll            |       |       |     2 ||     2
 Armour: Scale mail        |    44 |   146 |    18 ||   208
         Chain mail        |       |       |    50 ||    50
  Dodge: Dodged            |    30 |    85 |    31 ||   146
  Block: Buckler           |    32 |    59 |    22 ||   113
